 Dungeon Crawl Stone Soup version 0.28.0-43-g3370ac3207 (webtiles) character file.

Game seed: 6104768417470753996

7 CryoSword the Chopper (level 1, -1/20 HPs)
             Began as a Minotaur Berserker on Mar 14, 2022.
             Was a Follower of Trog.
             Slain by an endoplasm (3 damage)
             ... on level 1 of the Dungeon.
             The game lasted 00:00:22 (145 turns).

CryoSword the Chopper (Minotaur Berserker)           Turns: 145, Time: 00:00:22

Health: -1/20      AC:  3    Str: 21    XL:     1   Next: 91%
Magic:  0/0        EV: 12    Int:  4    God:    Trog [*.....]
Gold:   43         SH:  0    Dex:  9    Spells: 0/0 levels left

rFire   . . .      SeeInvis .   a - +0 hand axe
rCold   . . .      Faith    .   (no shield)
rNeg    . . .      Spirit   .   b - +0 animal skin
rPois   .          Reflect  .   (helmet restricted)
rElec   .          Harm     .   c - +0 cloak
rCorr   .          Rampage  .   (no gloves)
Will    .....                   (no boots)
Stlth   +.........              (no amulet)
HPRegen 0.06/turn               (no ring)
MPRegen 0.07/turn               (no ring)

@: on berserk cooldown, slowed, very slow
A: horns 2, retaliatory headbutt
a: Renounce Religion, Berserk


You were on level 1 of the Dungeon.
You worshipped Trog.
Trog was aware of your devotion.
You visited 1 branch of the dungeon, and saw 1 of its levels.

You collected 43 gold pieces.

Inventory:

Hand Weapons
 a - a +0 hand axe (weapon)
Missiles
 d - 4 poisoned darts (quivered)
Armour
 b - a +0 animal skin (worn)
 c - a +0 cloak (worn)
   (You found it on level 1 of the Dungeon)
Scrolls
 e - a scroll of identify {unknown}


   Skills:
 + Level 3.7 Fighting
 * Level 3.9 Axes
 + Level 2.6 Armour
 + Level 2.3 Dodging


You couldn't memorise any spells.
You didn't know any spells.
Your spell library was empty.

Dungeon Overview and Level Annotations

Branches:
Dungeon (1/15)

Altars:


Innate Abilities, Weirdness & Mutations

You have a pair of horns on your head.
You reflexively headbutt those who attack you in melee.


Message History

Welcome, CryoSword the Minotaur Berserker.
Everyone else who sought the Orb of Zot has failed.
Will you be different?
Trog says: Kill them all!
Found a robe, a cloak and a weird jewelled staff.
Found a staircase leading out of the dungeon.
Found an escape hatch in the floor.
Found 4 poisoned darts.
You see here a +0 cloak.
c - a +0 cloak You start putting on your armour.
You continue putting on your +0 cloak. x4
You finish putting on your +0 cloak.
d - 4 poisoned darts You now have 11 gold pieces.
Found a stone staircase leading down.
You now have 22 gold pieces (gained 11).
Found Great Wizards, Vol.
VII.
Found a book of Minor Magic.
Found a robe.
A hobgoblin comes into view.
The hobgoblin shouts!
A hobgoblin is nearby!
A hobgoblin is nearby!
Found 21 gold pieces.
A jackal comes into view.
A jackal comes into view. x2
The hobgoblin closely misses you. You furiously retaliate!
You headbutt the hobgoblin.
The jackal barks! x2
You hit the hobgoblin.
You kill the hobgoblin!
Trog accepts your kill.
You hit the jackal but do no damage. Your headbutt misses the jackal.
The jackal misses you. The jackal bites you.
You hit the jackal but do no damage. You closely miss the jackal.
You hit the jackal. The jackal barely misses you. You furiously retaliate!
You headbutt the jackal!
You kill the jackal!
Trog accepts your kill.
The jackal bites you but does no damage.
The jackal barely misses you.
The jackal bites you but does no damage.
You closely miss the jackal. You barely miss the jackal.
The jackal barely misses you. The jackal bites you.
The jackal barely misses you. You furiously retaliate!
You headbutt the jackal, but do no damage.
The jackal bites you.
You hit the jackal.
You kill the jackal!
Trog accepts your kill.
You hit the jackal. The jackal misses you. The jackal closely misses you.
You hit the jackal.
You kill the jackal!
Trog accepts your kill.
No target in view!
No target in view!
There is a dry fountain here.
Found a faded altar of an unknown god.
You see here a +0 robe.
Found a book of Conjurations.
You now have 33 gold pieces (gained 11).
You now have 43 gold pieces (gained 10).
e - a scroll labelled QEEZUSIFOSK An endoplasm comes into view.
Found 9 gold pieces.
An endoplasm is nearby!
An endoplasm is nearby!
An endoplasm is nearby!
The endoplasm freezes you.
You are frozen.
You hit the endoplasm. Your headbutt misses the endoplasm.
The endoplasm freezes you.
You are frozen.
You are too injured to fight recklessly!
You are too injured to fight recklessly!
You are too injured to fight recklessly!
A red film seems to cover your vision as you go berserk!
You feel yourself moving faster!
You feel mighty! The endoplasm closely misses you.
You hit the endoplasm. You headbutt the endoplasm.
You kill the endoplasm!
Trog accepts your kill.
A kobold comes into view. It is wielding a +0 whip.
The kobold shouts!
You feel a strong urge to attack something.
You see here 9 gold pieces.
You are too injured to fight recklessly!
You are too injured to fight recklessly!
An endoplasm comes into view.
You feel your anger nearly subside.
The kobold throws a stone.
The stone hits you but does no damage.
You are no longer berserk.
You are exhausted.
You feel yourself slow down. The kobold hits you with a +0 whip.
You barely miss the kobold. The kobold hits you with a +0 whip.
* * * LOW HITPOINT WARNING * * *
You hit the kobold. Your headbutt misses the kobold.
The kobold hits you with a +0 whip.
* * * LOW HITPOINT WARNING * * *
The kobold hits you with a +0 whip.
* * * LOW HITPOINT WARNING * * *
You hit the kobold.
You kill the kobold!
Trog accepts your kill.
You barely miss the endoplasm. The endoplasm hits you.
* * * LOW HITPOINT WARNING * * *
You hit the endoplasm. The endoplasm hits you.
You die...

........### ........#
.....:..### ..........#
. ######....# ...
#....# ....###########
#....# ..............#
#..... ......)@.$....#
####.. ##....J.......#
#.. #............# ###
##..
#............###.###...
#...............#...#.†
##############.#..8[⌠#.
#.#.8..### #.#...#_#
#..#⌠#∩#.:


You could see an endoplasm.

Vanquished Creatures
  An endoplasm (D:1)
  A hobgoblin (D:1)
  3 jackals (D:1)
  A kobold (D:1)
6 creatures vanquished.

Notes
Turn   | Place    | Note
-------+----------+-------------------------------------------
     0 | D:1      | CryoSword the Minotaur Berserker began the quest for the
                  | Orb.
     0 | D:1      | Reached XP level 1. HP: 19/19 MP: 0/0
   119 | D:1      | Found a faded altar of an unknown god.
   145 | D:1      | Slain by an endoplasm

Illustrated notes

Levels and vault maps discovered:
D:1:      minmay_arrival_open_corners, layout_basic,
          shapermc_ecumenical_altar_venn

Action                   || total
-------------------------++-------
Melee: Hand axe          ||    12
       Headbutt          ||     1
Invok: Berserk           ||     1
Armor: Animal skin       ||     3
Dodge: Dodged            ||     9
